 Dungeon Crawl Stone Soup version 0.27-a0-686-gaed091b46b (webtiles) character file.

Game seed: 14635789220136325300

44 jasper the Changer (level 3, 0/26 HPs)
             Began as a Demonspawn Transmuter on Mar 20, 2021.
             Hit by a stone thrown by a kobold (5 damage)
             ... on level 2 of the Dungeon.
             The game lasted 00:04:20 (1871 turns).

jasper the Changer (Demonspawn Transmuter)          Turns: 1871, Time: 00:04:21

Health: 0/26       AC:  2    Str: 10    XL:     3   Next: 39%
Magic:  6/6        EV: 12    Int: 17    God:
Gold:   57         SH:  0    Dex: 13    Spells: 2/6 levels left

rFire    . . .     SeeInvis .     - Unarmed
rCold    . . .     Faith    .   (no shield)
rNeg     . . .     Spirit   .   a - +0 robe
rPois    .         Reflect  .   (helmet currently unavailable)
rElec    .         Harm     .   (no cloak)
rCorr    .         Rampage  .   (no gloves)
Will     .....                  (boots currently unavailable)
Stlth    +.........             (no amulet)
HPRegen  0.08/turn              (no ring)
MPRegen  0.20/turn              (no ring)

@: appendages (expiring)
A: horns 2, talons 2, magic regeneration, big brain 1
a: End Transformation


You were on level 2 of the Dungeon.
You had temporarily grown beastly horns and talons.
You visited 1 branch of the dungeon, and saw 2 of its levels.

You collected 57 gold pieces.

Inventory:

Missiles
 e - 5 stones (quivered)
 g - 10 poisoned darts
Armour
 a - a +0 robe (worn)
 b - a +0 helmet (melded)
 c - a +0 chain mail
Scrolls
 d - a scroll of fog {unknown}
 f - a scroll of identify {unknown}
 h - a scroll of enchant weapon {unknown}


   Skills:
 - Level 1.0 Fighting
 - Level 1.7 Dodging
 - Level 2.6 Unarmed Combat
 - Level 2.0 Spellcasting
 - Level 3.3 Transmutations
 + Level 0.7 Poison Magic


You had 2 spell levels left.
You knew the following spells:

 Your Spells              Type           Power      Damage    Failure   Level
a - Beastly Appendage     Tmut           26%        N/A       4%          1
b - Spider Form           Tmut/Pois      4%         N/A       26%         3

Your spell library contained the following spells:

 Spells                   Type           Power      Damage    Failure   Level
 Wereblood                Tmut           13%        N/A       8%          2
 Ice Form                 Ice/Tmut       7%         N/A       67%         4
 Blade Hands              Tmut           6%         N/A       80%         5


Dungeon Overview and Level Annotations

Branches:
Dungeon (2/15)

Altars:

Shops:
D:1 *


Innate Abilities, Weirdness & Mutations

You have temporarily grown beastly horns and talons.
You regenerate magic rapidly.
You have an unusually large brain. (Int +2)


Message History

You kill the kobold!
You closely miss the kobold. Your kick misses the kobold.
The kobold barely misses you.
You closely miss the kobold. Your kick misses the kobold.
MP restored: 6 You hit the kobold.
Your kick misses the kobold.
The kobold is severely wounded.
The kobold barely misses you.
You miss the kobold. Your kick misses the kobold. You headbutt the kobold.
You kill the kobold!
You barely miss the kobold. The kobold closely misses you.
You closely miss the kobold.
The kobold hits you with a +0 short sword.
You take 4 damage, and have 19/26 hp.
You barely miss the kobold. Your kick misses the kobold.
The kobold completely misses you.
You barely miss the kobold. Your kick misses the kobold.
The kobold completely misses you.
You completely miss the kobold. Your headbutt misses the kobold.
The kobold hits you with a +0 short sword.
You take 5 damage, and have 14/26 hp.
You hit the kobold but do no damage. Your kick misses the kobold.
The kobold hits you with a +0 short sword.
You take 5 damage, and have 9/26 hp.
You hit the kobold but do no damage.
The kobold hits you with a +0 short sword.
You take 1 damage, and have 8/26 hp.
You hit the kobold but do no damage. You headbutt the kobold.
The kobold is severely wounded.
The kobold hits you with a +0 short sword.
* * * LOW HITPOINT WARNING * * *
You take 4 damage, and have 4/26 hp.
You aren't carrying any potions.
Unknown command.
There is a stone staircase leading down here.
Your transformation is almost over.
The kobold throws a stone.
The stone misses you.
The kobold throws a stone.
The stone barely misses you.
The kobold throws a stone.
The stone hits you.
You die...

#.. ... #.#
#.##########+#
#.........##.# #.#
#####.##.#
#.###.@......##
#.K...###.#...########
#K##### #...#.........
#>#######.#...########
#K.(K....(##.##
#####(######.# ###.###
#.# #.....# #.#
##'''## #.#


You could see 2 kobolds.

Vanquished Creatures
  An ooze (D:1)
  A leopard gecko (D:1)
  2 giant cockroaches (D:1)
  7 goblins
  3 hobgoblins (D:1)
  6 kobolds
  3 quokkas (D:1)
  6 bats (D:1)
  4 rats
33 creatures vanquished.

Vanquished Creatures (others)
  8 toadstools (D:2)
8 creatures vanquished.

Grand Total: 41 creatures vanquished

Notes
Turn   | Place    | Note
-------+----------+-------------------------------------------
     0 | D:1      | jasper the Demonspawn Transmuter began the quest for the
                  | Orb.
     0 | D:1      | Reached XP level 1. HP: 15/15 MP: 3/3
    87 | D:1      | Reached skill level 2 in Transmutations
   207 | D:1      | Found Xiliol's Assorted Antiques.
   493 | D:1      | Gained mutation: You regenerate magic rapidly. [demonic
                  | ancestry]
   493 | D:1      | Reached XP level 2. HP: 14/21 MP: 5/5
   947 | D:1      | Reached skill level 3 in Transmutations
  1007 | D:1      | Gained mutation: You have an unusually large brain. (Int
                  | +2) [demonic ancestry]
  1007 | D:1      | Reached XP level 3. HP: 23/26 MP: 4/6
  1019 | D:1      | Learned a level 3 spell: Spider Form
  1871 | D:2      | Hit by a stone thrown by a kobold

Illustrated notes

Levels and vault maps discovered:
D:1:      saegor_arrival_simple_d, layout_loops_ring, serial_shops, shop,
          serial_glass, glass_columns_a, glass_columns_b, glass_columns_b,
          glass_columns_b, glass_columns_b, glass_columns_a
D:2:      cheibrodos_fertilizer, layout_loops_corners, serial_shops, shop,
          uniq_crazy_yiuf_cottage

Skill      XL: |  1  2 |
---------------+-------+-----
Transmutations | 2 3 |  3.3
Fighting       | |  1.0
Dodging        | |  1.7
Unarmed Combat | |  2.6
Spellcasting   | |  2.0
Poison Magic   | |  0.7

Action                   || total
-------------------------++-------
Melee: Unarmed           ||   106
       Kick              ||    12
       Punch             ||     1
       Headbutt          ||     7
Throw: Stone             ||     7
 Cast: Beastly Appendage ||    20
Armor: Robe              ||    36
Dodge: Dodged            ||    76

Table legend: (Time is in decaauts)
 A = Elapsed time spent in this place.
 B = Non-inter-level travel time spent in this place.
 C = Inter-level travel time spent in this place.
 D = Time resting spent in this place.
 E = Time spent auto-exploring this place.
 F = Levels seen in this place.
 G = Mean time per level.
                   A        B        C        D        E       F      G
               +--------+--------+--------+--------+--------+-----+--------+
         Total |   1866 |   1813 |     53 |    424 |   1037 |   2 |  933.0 |
       Dungeon |   1866 |   1813 |     53 |    424 |   1037 |   2 |  933.0 |
               +--------+--------+--------+--------+--------+-----+--------+

Top non-repeatable levels by time:
     D:1: 1517 daAuts
     D:2: 348 daAuts
